 Dungeon Crawl Stone Soup version 0.22-a0-799-g88f5e90 (webtiles) character file.

24999 Amnesiac the Geomancer (level 12, -26/74 HPs)
             Began as a Mummy Earth Elementalist on July 21, 2018.
             Was a High Priest of Vehumet.
             Annihilated by a komodo dragon (28 damage)
             ... on level 1 of the Lair of Beasts.
             The game lasted 00:26:15 (15077 turns).

Amnesiac the Geomancer (Mummy Earth Elementalist)  Turns: 15077, Time: 00:26:16

Health: -26/74     AC: 11    Str: 12    XL:     12   Next: 85%
Magic:  1/30       EV: 10    Int: 18    God:    Vehumet [*****.]
Gold:   784        SH:  0    Dex: 13    Spells: 22/40 levels left

rFire    x . .     SeeInvis +   l - +5 long sword of Valour {vamp, rC+ rN+}
rCold    + + .     Gourm    .   (no shield)
rNeg     + + +     Faith    +   p - quicksilver dragon scales
rPois    ∞         Spirit   .   y - +0 helmet
rElec    .         Reflect  .   f - +0 cloak
rCorr    .         Harm     .   (no gloves)
MR       ++...                  (no boots)
Stlth    +.........             v - amulet of faith
HPRegen  0.22/turn              h - ring of see invisible
MPRegen  0.22/turn              A - ring of wizardry

@: no status effects
A: no food or potions, fire vulnerability, cold resistance 1, negative energy
resistance 3, torment resistance, unbreathing
a: Renounce Religion


You were on level 1 of the Lair of Beasts.
You worshipped Vehumet.
Vehumet was extremely pleased with you.
You were not hungry.

You visited 3 branches of the dungeon, and saw 14 of its levels.

You collected 784 gold pieces.

Inventory:

Hand Weapons
 l - the +5 long sword of Valour (weapon) {vamp, rC+ rN+}
   (You took it off an orc on level 5 of the Dungeon)

   It inflicts no extra harm, but heals its wielder when it wounds a living foe.
   It protects you from cold.
   It protects you from negative energy.
 o - a +0 blowgun
Missiles
 k - 208 stones (quivered)
 r - 16 poisoned needles
Armour
 f - a +0 cloak (worn)
 p - quicksilver dragon scales (worn)
 q - a +1 leather armour of fire resistance
 y - a +0 helmet (worn)
Jewellery
 h - a ring of see invisible (left hand)
 v - an amulet of faith (around neck)
 w - the amulet of Donoab {Acrobat Int+6}
   (You found it on level 4 of the Dungeon)

   [amulet of the acrobat]

   It helps you evade while moving and waiting.
   It affects your intelligence (+6).
 A - a ring of wizardry (right hand)
Wands
 b - a wand of flame (25)
 e - a wand of acid (11)
 g - a wand of digging (25)
 x - a wand of paralysis (18)
 B - a wand of random effects (33)
Scrolls
 a - 2 scrolls of vulnerability {!r}
 c - a scroll of torment {!r}
 d - 9 scrolls of teleportation {!r}
 i - 3 scrolls of magic mapping {!r}
 j - 2 scrolls of blinking {!r}
 m - 5 scrolls of enchant weapon {!r}
 n - 4 scrolls of identify {!r}
 s - a scroll of fog {!r}
 t - 3 scrolls of holy word {!r, unknown}
 u - 2 scrolls of remove curse {!r}
 z - 2 scrolls of amnesia {!r}


   Skills:
 - Level 1.5 Dodging
 - Level 1.5 Stealth
 + Level 14.6 Spellcasting
 - Level 0.7 Transmutations
 * Level 14.6 Earth Magic


You had 22 spell levels left.
You knew the following spells:

 Your Spells              Type           Power        Failure   Level  Hunger
a - Stone Arrow           Conj/Erth      #####.       1%          3    N/A
b - Passwall              Tmut/Erth      #####...     1%          2    N/A
c - Sandblast             Erth           ######       1%          1    N/A
d - Lee's Rapid Deconstr  Erth           ######....   1%          5    N/A
e - Petrify               Tmut/Erth      #####...     1%          4    N/A
f - Mephitic Cloud        Conj/Pois/Air  ##......     4%          3    N/A

Your spell library contained the following spells:

 Spells                   Type           Power        Failure   Level  Hunger
 Magic Dart               Conj           ##..         1%          1    N/A
 Iskenderun's Mystic Bla  Conj           ##......     13%         4    N/A
 Fulminant Prism          Conj/Hex       ##........   13%         4    N/A
 Dazzling Spray           Conj/Hex       ##....       4%          3    N/A
 Force Lance              Conj/Tloc      ##......     13%         4    N/A
 Searing Ray              Conj           ##....       2%          2    N/A

Dungeon Overview and Level Annotations

Branches:
Dungeon (12/15)            Temple (1/1) D:7            Lair (1/6) D:9
    Orc (0/2) D:10

Altars:
Ashenzari
Cheibriados
Dithmenos
Elyvilon
Fedhas
Gozag
Hepliaklqana
Kikubaaqudgha
Makhleb
Nemelex Xobeh
Okawaru
Qazlal
Ru
Sif Muna
Trog
Uskayaw
Vehumet
Wu Jian
Xom
Yredelemnul
Zin
The Shining One
Beogh


Innate Abilities, Weirdness & Mutations

You do not eat or drink.
Your flesh is vulnerable to fire.
You are immune to poison.
Your flesh is cold resistant. (rC+)
You are immune to negative energy. (rN+++)
You are immune to unholy pain and torment.
You can survive without breathing.


Message History

Aim: a hippogriff (heavily wounded)
The stone arrow hits the hippogriff.
The hippogriff is severely wounded.
A komodo dragon comes into view.
Casting: Stone Arrow (safe; 1% risk of failure)
Confirm with . or Enter, or press ? or * to list all spells.
Aiming: Stone Arrow (safe; 1% risk of failure)
Press: ? - help, Shift-Dir - straight line, f/p - hippogriff
Aim: a hippogriff (severely wounded)
The stone arrow hits the hippogriff.
You kill the hippogriff!
Vehumet accepts your kill.
You feel your power returning.
The komodo dragon hisses angrily.
Casting: Stone Arrow (safe; 1% risk of failure)
Confirm with . or Enter, or press ? or * to list all spells.
You can't see any susceptible monsters within range! (Use Z to cast anyway.)
The komodo dragon hisses menacingly.
Casting: Stone Arrow (safe; 1% risk of failure)
Confirm with . or Enter, or press ? or * to list all spells.
Aiming: Stone Arrow (safe; 1% risk of failure)
Press: ? - help, Shift-Dir - straight line, f - komodo dragon
Aim: a komodo dragon The stone arrow hits the komodo dragon.
The komodo dragon is moderately wounded.
Casting: Stone Arrow (safe; 1% risk of failure)
Confirm with . or Enter, or press ? or * to list all spells.
Aiming: Stone Arrow (safe; 1% risk of failure)
Press: ? - help, Shift-Dir - straight line, f/p - komodo dragon
Aim: a komodo dragon (moderately wounded)
The stone arrow misses the komodo dragon.
Casting: Stone Arrow (safe; 1% risk of failure)
Confirm with . or Enter, or press ? or * to list all spells.
Aiming: Stone Arrow (safe; 1% risk of failure)
Press: ? - help, Shift-Dir - straight line, f/p - komodo dragon
Aim: a komodo dragon (moderately wounded)
The stone arrow misses the komodo dragon.
Casting: Stone Arrow (safe; 1% risk of failure)
Confirm with . or Enter, or press ? or * to list all spells.
Aiming: Stone Arrow (safe; 1% risk of failure)
Press: ? - help, Shift-Dir - straight line, f/p - komodo dragon
Aim: a komodo dragon (moderately wounded)
The stone arrow hits the komodo dragon.
The komodo dragon is heavily wounded.
The komodo dragon bites you!!
* * * LOW HITPOINT WARNING * * *
Casting: Stone Arrow (safe; 1% risk of failure)
Confirm with . or Enter, or press ? or * to list all spells.
Aiming: Stone Arrow (safe; 1% risk of failure)
Press: ? - help, Shift-Dir - straight line, f/p - komodo dragon
Aim: a komodo dragon (heavily wounded)
The stone arrow hits the komodo dragon.
The komodo dragon is heavily wounded.
The komodo dragon bites you!
* * * LOW HITPOINT WARNING * * *
Casting: Stone Arrow (safe; 1% risk of failure)
Confirm with . or Enter, or press ? or * to list all spells.
Aiming: Stone Arrow (safe; 1% risk of failure)
Press: ? - help, Shift-Dir - straight line, f/p - komodo dragon
Aim: a komodo dragon (heavily wounded)
The stone arrow hits the komodo dragon.
The komodo dragon is almost dead.
The komodo dragon bites you!!
You die...

########......#
######.##.###......#
...................#
###########.#......#
###......# ###.#.##
##.### #..l# ###@#
#.# # #####.##.#
#.......# ###
###......## ###
##.###.#.......#
##.###.....†'......##
.......####†#......[#
#######.# ###########


You could see a komodo dragon.

Vanquished Creatures
  2 hydras
  5 two-headed ogres
  2 unseen horrors
  The ghost of Mgcat the Grappler, a novice DrTm of Sif Muna (D:6)
  2 cyclopes (D:11)
  Maurice (D:8)
  2 black mambas (Lair:1)
  A kobold demonologist (D:10)
  A komodo dragon (Lair:1)
  9 trolls
  2 polar bears (D:10)
  6 hippogriffs
  5 blink frogs (Lair:1)
  29 yaks
  A hungry ghost (D:12)
  3 vampire mosquitoes (D:12)
  Duvessa (D:6)
  3 water moccasins (Lair:1)
  6 porcupines
  10 orc warriors
  2 ice beasts
  4 sky beasts
  2 phantoms
  4 black bears
  3 ogres
  A wolf (D:10)
  3 centaurs
  The ghost of Kuinu the Firebug, an amateur DrFE (D:3)
  A crocodile (D:11)
  14 big kobolds
  5 bullfrogs
  2 wyvern zombies
  Dowan (D:6)
  4 scorpions
  2 howler monkeys
  4 electric eels
  4 crimson imps
  2 bullfrog zombies
  6 orc priests
  A bullfrog skeleton (D:5)
  7 hounds
  5 jellies
  2 centaur skeletons
  3 iguanas
  3 orc wizards
  11 worker ants
  A bullfrog simulacrum (D:10)
  A hound zombie (D:5)
  A hound skeleton (D:9)
  2 worker ant zombies
  4 gnolls (D:5)
  A howler monkey skeleton (D:7)
  8 adders
  2 shadow imps
  6 white imps (D:10)
  4 ufetubi
  2 oozes
  3 adder zombies
  5 adder skeletons
  2 worms
  2 dart slugs
  A leopard gecko (D:3)
  64 orcs
  6 giant cockroaches
  8 goblins
  6 hobgoblins
  4 jackals
  18 kobolds
  7 quokkas
  7 bats
  4 frilled lizards
  A leopard gecko skeleton (D:5)
  A leopard gecko zombie (D:5)
  A quokka skeleton (D:5)
  7 rats
  A fungus (Lair:1)
369 creatures vanquished.

Vanquished Creatures (others)
  A bush (Lair:1)
  19 fungi
  6 plants
26 creatures vanquished.

Grand Total: 395 creatures vanquished

Notes
Turn   | Place    | Note
-------+----------+-------------------------------------------
     0 | D:1      | Amnesiac the Mummy Earth Elementalist began the quest for the Orb.
     0 | D:1      | Reached XP level 1. HP: 13/13 MP: 4/4
   160 | D:2      | Found a shadowy altar of Dithmenos.
   279 | D:2      | Reached XP level 2. HP: 14/19 MP: 1/5
   531 | D:3      | Learned a level 2 spell: Passwall
   610 | D:3      | Reached XP level 3. HP: 22/24 MP: 7/7
   627 | D:3      | Learned a level 3 spell: Stone Arrow
   632 | D:4      | Found a burning altar of Makhleb.
   965 | D:4      | Reached XP level 4. HP: 14/30 MP: 9/9
  1123 | D:4      | Learned a level 4 spell: Petrify
  1500 | D:4      | Got an ancient copper amulet
  1531 | D:4      | Identified the amulet of Donoab {Acrobat Int+6} (You found it on level 4 of the Dungeon)
  1583 | D:4      | Found a sacrificial altar of Ru.
  1704 | D:4      | Found a snail-covered altar of Cheibriados.
  1749 | D:4      | Noticed a phantom
  1770 | D:4      | Killed a phantom
  1770 | D:4      | Reached XP level 5. HP: 26/35 MP: 0/11
  2163 | D:5      | Entered Level 5 of the Dungeon
  2458 | D:5      | Learned a level 1 spell: Sandblast
  2463 | D:5      | Reached XP level 6. HP: 41/41 MP: 6/13
  2696 | D:5      | Reached skill level 5 in Spellcasting
  2696 | D:5      | Reached skill level 5 in Earth Magic
  3020 | D:5      | Got a slimy long sword {vamp}
  3023 | D:5      | Identified the +5 long sword of Valour {vamp, rC+ rN+} (You took it off an orc on level 5 of the Dungeon)
  3661 | D:6      | Reached XP level 7. HP: 35/46 MP: 15/15
  4070 | D:6      | Found a runed door.
  4548 | D:6      | Learned a level 5 spell: Lee's Rapid Deconstruction
  4687 | D:6      | Noticed Duvessa
  4687 | D:6      | Noticed Dowan
  4700 | D:6      | Killed Duvessa
  4700 | D:6      | Reached XP level 8. HP: 52/52 MP: 2/18
  4701 | D:6      | Killed Dowan
  4976 | D:6      | Noticed Mgcat's ghost (novice DrTm)
  4993 | D:6      | Killed Mgcat's ghost
  5129 | D:7      | Found a staircase to the Ecumenical Temple.
  5136 | Temple   | Entered the Ecumenical Temple
  5367 | Temple   | Became a worshipper of Vehumet
  6419 | D:2      | Found a glowing silver altar of Zin.
  6548 | D:2      | Found a faded altar of an unknown god.
  6855 | D:3      | Found a transporter.
  6858 | D:3      | Noticed Kuinu's ghost (amateur DrFE)
  6862 | D:3      | Reached * piety under Vehumet
  6862 | D:3      | Offered knowledge of Magic Dart by Vehumet.
  6865 | D:3      | Found a transporter.
  6872 | D:3      | Killed Kuinu's ghost
  6876 | D:3      | Got a smoking great mace {flame}
  7225 | D:4      | Identified the +6 great mace of Tenacity {flame, +Rage rPois rN++ Dex-3} (You took it off an ogre on level 3 of the Dungeon)
  7535 | D:7      | Reached XP level 9. HP: 53/57 MP: 21/21
  8096 | D:8      | Reached ** piety under Vehumet
  8175 | D:8      | Offered knowledge of Throw Flame by Vehumet.
  8179 | D:8      | Noticed a two-headed ogre
  8224 | D:8      | You fall through a shaft!
  8224 | D:9      | Found a shimmering altar of Xom.
  8224 | D:9      | Found a glowing golden altar of the Shining One.
  8370 | D:8      | Killed a two-headed ogre
  8370 | D:8      | Reached skill level 10 in Spellcasting
  8370 | D:8      | Reached skill level 10 in Earth Magic
  8612 | D:8      | Noticed Maurice
  8620 | D:8      | Killed Maurice
  8620 | D:8      | Reached XP level 10. HP: 58/63 MP: 5/24
  8842 | D:9      | Found a white marble altar of Elyvilon.
  8868 | D:9      | Found a sparkling altar of Nemelex Xobeh.
  8897 | D:9      | Noticed a two-headed ogre
  8909 | D:9      | Killed a two-headed ogre
  8960 | D:9      | Offered knowledge of Mephitic Cloud by Vehumet.
  9095 | D:9      | Learned a level 3 spell: Mephitic Cloud
  9191 | D:9      | Found a staircase to the Lair.
  9406 | D:9      | Reached *** piety under Vehumet
  9491 | D:9      | Offered knowledge of Iskenderun's Mystic Blast by Vehumet.
  9629 | D:10     | Entered Level 10 of the Dungeon
  9731 | D:10     | Reached **** piety under Vehumet
  9734 | D:10     | Offered knowledge of Venom Bolt by Vehumet.
 10081 | D:10     | Reached XP level 11. HP: 60/68 MP: 22/26
 10192 | D:10     | Reached ***** piety under Vehumet
 10211 | D:10     | Offered knowledge of Fireball by Vehumet.
 10228 | D:10     | Found a roughly hewn altar of Beogh.
 10231 | D:10     | Found a staircase to the Orcish Mines.
 10383 | D:10     | Noticed a two-headed ogre
 10386 | D:10     | Killed a two-headed ogre
 10444 | D:10     | Noticed a two-headed ogre
 10450 | D:10     | Killed a two-headed ogre
 10457 | D:10     | Noticed an unseen horror
 10460 | D:10     | Killed an unseen horror
 10493 | D:10     | Noticed a two-headed ogre
 10524 | D:10     | Killed a two-headed ogre
 11577 | D:11     | Noticed an unseen horror
 11581 | D:11     | Killed an unseen horror
 11859 | D:11     | Reached XP level 12. HP: 74/74 MP: 18/29
 13371 | D:11     | Offered knowledge of Bolt of Draining by Vehumet.
 13377 | D:11     | Got a bloodstained scale mail
 13541 | D:11     | Identified the +0 scale mail of Charity {-Cast +Inv rPois rC+} (You found it on level 11 of the Dungeon)
 13616 | D:12     | Noticed a seven-headed hydra
 13621 | D:12     | Killed a seven-headed hydra
 14013 | Lair:1   | Entered Level 1 of the Lair of Beasts
 14721 | Lair:1   | Noticed a seven-headed hydra
 14725 | Lair:1   | Killed a seven-headed hydra
 15076 | Lair:1   | HP: 2/74 [komodo dragon (16)]
 15077 | Lair:1   | Annihilated by a komodo dragon

Vault maps used:
D:1:      mushboom_english_gardens, minmay_liquid_box, minivault_19,
          minmay_misc_feat_cross, kennysheep_minor_cross, minmay_unequal
D:2:      old_standard_altar, old_standard_altar,
          chequers_ecumenical_altar_lobes
D:3:      gammafunk_ghost_smash, first_ration
D:4:      lemuel_round_altar, nicolae_overflow_crystal_walls,
          kennysheep_little_box, hangedman_abyss_or_decor_passed,
          serial_bayou_ford_a
D:6:      ebering_ghost_reflecting_pool, minmay_misc_feat_x, uniq_duvessa
D:7:      minmay_temple_entry_statues_fountains
D:8:      uniq_maurice
D:9:      gammafunk_temple_overflow_pools, old_standard_altar,
          lemuel_crystal_altar, due_lair_maze_entry_diamond
D:10:     david_orc_5, special_room, serial_ice, serial_ice_j, serial_ice_c,
          serial_ice_h, serial_ice_d, serial_ice_g, serial_ice_o
D:11:     lemuel_troll_bridge, minivault_27
D:12:     serial_shops, kennysheep_mini, uniq_erolcha
Temple:   oiseaux_autumnal_temple
Lair:1:   grunt_megastairs_5

Skill      XL: |  1  2  3  4  5  6  7  8  9 10 11 12 |
---------------+-------------------------------------+-----
Spellcasting   | 3 4 5 6 8 10 11 13 14 | 14.6
Earth Magic    | 3 4 5 6 8 10 11 13 14 | 14.6
Dodging        | |  1.5
Stealth        | |  1.5
Transmutations | |  0.7

Action                   |  1- 3 |  4- 6 |  7- 9 | 10-12 || total
-------------------------+-------+-------+-------+-------++-------
Melee: Unarmed           |    20 |       |       |       ||    20
       Mace              |    31 |    68 |       |       ||    99
       Long sword        |       |    17 |   244 |   247 ||   508
 Cast: Sandblast         |    16 |    20 |    15 |    43 ||    94
       Stone Arrow       |       |    12 |    27 |   179 ||   218
       Lee's Rapid Decon |       |       |    14 |   102 ||   116
       Petrify           |       |       |       |     1 ||     1
       Passwall          |       |       |       |     1 ||     1
  Use: Scroll            |     2 |     3 |       |     6 ||    11
 Stab: Sleeping          |       |     1 |     1 |       ||     2
Armor: Robe              |     9 |    14 |     3 |       ||    26
       Quicksilver drago |       |       |   140 |   211 ||   351
Dodge: Dodged            |    44 |    72 |   207 |   207 ||   530
       Rpst.: Long sword |       |     3 |    60 |    58 ||   121

Table legend:
 A = Spawn XP
 B = Non-spawn XP
 C = Spawn XP percentage of total XP
 D = Spawn monster count
 E = Non-spawn monster count
 F = Spawn count percentage of total count
 G = Total turns spent on level
                    A         B        C        D         E        F      G
               +---------+---------+-------+---------+---------+-------+---------
         Total |       0 |   35714 |   0.0 |       0 |     368 |   0.0 | 15077
               +---------+---------+-------+---------+---------+-------+---------
           D:1 |       0 |      29 |   0.0 |       0 |      15 |   0.0 |   748
           D:2 |       0 |      62 |   0.0 |       0 |      22 |   0.0 |   787
           D:3 |       0 |     282 |   0.0 |       0 |      21 |   0.0 |   846
           D:4 |       0 |     216 |   0.0 |       0 |       9 |   0.0 |  1644
           D:5 |       0 |     442 |   0.0 |       0 |      27 |   0.0 |  1501
           D:6 |       0 |    1520 |   0.0 |       0 |      22 |   0.0 |  1523
           D:7 |       0 |     723 |   0.0 |       0 |      16 |   0.0 |   797
           D:8 |       0 |    2214 |   0.0 |       0 |      16 |   0.0 |   563
           D:9 |       0 |    3966 |   0.0 |       0 |      58 |   0.0 |  1204
          D:10 |       0 |    8191 |   0.0 |       0 |      79 |   0.0 |  1357
          D:11 |       0 |    8895 |   0.0 |       0 |      47 |   0.0 |  2469
          D:12 |       0 |    2079 |   0.0 |       0 |       8 |   0.0 |   323
        Lair:1 |       0 |    7095 |   0.0 |       0 |      28 |   0.0 |  1064
               +---------+---------+-------+---------+---------+-------+---------
